Unix NetHack Version 5.0.0-0 post-release - last build May  4 2026 22:22:43 (774f63e81ad911689b3a0859ea89b322d5daca8d,branch:main).

Game began 2026-05-06 08:07:27, ended 2026-05-06 08:54:26.

2460080212, lawful female human Valkyrie

                   -------
                   |.?...|
                   |.....|
                 ##...%<.|
                 # |.....|     ########
   -----------   # --%----###### -----|-------
   |.........|   #   ######      |C.........C|      -----------         ------
   |.........|   #               |.....C.....|      |.........|         |@...|
   |.........|####!##############|...-----...|####"#-.........|   ### ##-u...|
   |.........-###/#             #|...|.{.|...|"     |.........-#######  |..).|
   |....>....|                  #|..C|{.{.C..|#     |.........|    #    ------
   -----------                  #|...|.{.|...|"     |........^|   ##
                                #|...-----...|#     -----------   #
                                #|.....C.....|%                   #
                                ?|C.........C|#                ####
                                #-------------#            #####
                               #########"?#"#"##############

2460080212 the Skirmisher   St:17 Dx:11 Co:17 In:11 Wi:9 Ch:7  Lawful
Dlvl:6  $:136 HP:0(59) Pw:13(13) AC:10 Xp:5 T:2643 

Latest messages:
 You disentangle yourself.
 You hear some noises in the distance.
 You hit the straw golem!
 The straw golem hits!
 The straw golem hits again!
 You miss the straw golem.
 The straw golem hits!
 The straw golem hits again!
 You hit the straw golem!
 The straw golem turns to flee.
 You see here a fortune cookie.
 w - a fortune cookie.
 You hear some noises in the distance.
 You hear some noises in the distance.
 You hear some noises in the distance.
 KAABLAMM!!!  You triggered a land mine!
 You fall into a pit!
 You are still in a pit.
 You are still in a pit.
 You crawl to the edge of the pit.
 The door resists!
 The door resists!
 The door opens.
 You hear some noises in the distance.
 You hit the straw golem.
 The straw golem hits!
 The straw golem hits again!
 You hit the straw golem!
 The straw golem hits!
 The straw golem hits again!
 You destroy the straw golem!
 Your legs feel better.
 The door opens.
 You see here a lamp.
 You hit the pony!
 The pony kicks!
 The pony bites!
 You miss the pony.
 The pony kicks!
 The pony bites!
 You feel more confident in your weapon skills.
 (Tip: use the #enhance command to advance them.)
 You hit the pony!
 The pony kicks!
 You die...
 Do you want your possessions identified? [ynq] (y) y
 Do you want to see your attributes? [ynq] (y) n
 Do you want an account of creatures vanquished? [ynaq] (y) n
 Do you want to see your conduct and achievements? [ynq] (y) n
 Do you want to see the dungeon overview? [ynq] (y) n

Inventory:
 Coins    ('$')
  $ - 136 gold pieces
 Weapons  (')')
  g - 11 +0 crossbow bolts
  m - a +0 sling
  b - a +0 dagger (alternate weapon; not wielded)
  a - a blessed +1 spear (weapon in right hand)
  j - a +1 axe
  h - a +0 long sword
  p - a +0 war hammer
 Armor    ('[')
  o - an uncursed +0 pair of gauntlets of dexterity
 Comestibles  ('%')
  d - 4 uncursed food rations
  w - an uncursed fortune cookie
  v - an uncursed giant bat corpse
 Potions  ('!')
  f - an uncursed potion of acid
  e - 2 uncursed potions of confusion
  l - an uncursed potion of hallucination
  k - an uncursed potion of sickness
  t - a cursed potion of sickness
 Rings    ('=')
  q - an uncursed ring of invisibility
  r - an uncursed ring of polymorph control
  s - an uncursed ring of protection from shape changers

2460080212 the Valkyrie's attributes:

Background:
 You were a Skirmisher, a level 5 human Valkyrie.
 You were lawful, nominally on a mission for Tyr
 who was opposed by Odin (neutral) and Loki (chaotic).
 You were right-handed.
 You were in the Dungeons of Doom, on level 6.
 You entered the dungeon 2643 turns ago.
 You had 241 experience points, 79 more were needed to attain level 6.

Basics:
 You had 0 out of 59 hit points.
 You had all 13 energy points (spell power).
 Your armor class was 10.
 Your wallet contained 136 zorkmids.
 Autopickup was off.

Final Characteristics:
 Your strength was 17 (peak:18/02, limit:18/100).
 Your dexterity was 11 (limit:18).
 Your constitution was 17 (limit:18).
 Your intelligence was 11 (limit:18).
 Your wisdom was 9 (limit:18).
 Your charisma was 7 (limit:18).

Final Status:
 You weren't hungry.
 You were unencumbered.
 You were wielding a spear.
 You had basic skill with spear and could have enhanced that.
 You weren't wearing any armor.

Final Attributes:
 You were piously aligned.
 You were cold resistant.
 You were stealthy.
 You are dead.

Miscellaneous:
 You encountered 1 bones level.
 Total elapsed playing time was 46 minutes and 57 seconds.

Major events:
 Turn
    1: 2460080212 the lawful human Valkyrie entered the dungeon
 1448: attained the rank of Skirmisher (level 3)
 2643: killed by a pony

You didn't know any spells.

Skills:
 Fighting Skills
   bare handed combat [Unskilled]
   two weapon combat  [Unskilled]
   riding             [Unskilled]
 Weapon Skills
   dagger             [Basic]
   axe                [Unskilled]
   pick-axe           [Unskilled]
   short sword        [Unskilled]
   broadsword         [Unskilled]
   long sword         [Unskilled]
   two-handed sword   [Unskilled]
   saber              [Unskilled]
   hammer             [Unskilled]
   quarterstaff       [Unskilled]
   polearms           [Unskilled]
   spear              [Basic]
   trident            [Unskilled]
   lance              [Unskilled]
   sling              [Unskilled]
 Spellcasting Skills
   attack spells      [Unskilled]
   escape spells      [Unskilled]

Voluntary challenges:
 Character rerolling was not enabled.
 You were an atheist.
 You were illiterate.
 You never genocided any monsters.
 You never polymorphed an object.
 You never changed form.
 You used no wishes.
Achievements:
 You attained the rank of Skirmisher.
 You entered a shop.

 The Dungeons of Doom: levels 1 to 6
    Level 1:
       A fountain, a grave.
    Level 2:
       An altar, a fountain.
    Level 3:
    Level 4:
       A fountain.
    Level 5:
       A food shop.
    Level 6: <- You were here.
       Many fountains.
       Final resting place for
          you, killed by a pony,
          boonks-Tou-Hum-Mal-Neu, killed by a dwarf lord.


Vanquished creatures:
  a giant spider
  a water nymph
 an orc shaman
  a rock piercer
  2 rock moles
  a gnome leader
  a gray ooze
  a straw golem
  a giant ant
  a floating eye
  a rabid rat
  4 giant bats
  2 dwarf zombies
 an iguana
 an acid blob
  2 coyotes
  2 hobbits
  2 manes
  4 giant rats
  a brown mold
  a yellow mold
  a green mold
  2 geckos
  6 jackals
  a fox
  a goblin
  2 sewer rats
  4 grid bugs
  2 lichens
  a kobold zombie
  7 newts
59 creatures vanquished.

No species were genocided or became extinct.

Game over:
                       ----------
                      /          \
                     /    REST    \
                    /      IN      \
                   /     PEACE      \
                  /                  \
                  |    2460080212    |
                  |      136 Au      |
                  | killed by a pony |
                  |                  |
                  |                  |
                  |                  |
                  |       2026       |
                 *|     *  *  *      | *
        _________)/\\_//(\/(/\)/\//\/|_)_______

Farvel 2460080212 the Valkyrie...

You died in The Dungeons of Doom on dungeon level 6 with 1337 points,
and 136 pieces of gold, after 2643 moves.
You were level 5 with a maximum of 59 hit points when you died.

